 Dungeon Crawl Stone Soup version 0.27-a0-1559-g299f9947c5 (webtiles) character file.

Game seed: 12612403159079807368

199 Conn the Firebug (level 5, -1/49 HPs)
             Began as an Octopode Fire Elementalist on July 16, 2021.
             Slain by Robin (2 damage)
             ... on level 4 of the Dungeon.
             The game lasted 00:08:44 (5170 turns).

Conn the Firebug (Octopode Fire Elementalist)       Turns: 5170, Time: 00:08:46

Health: -1/49      AC: 22    Str:  4 (7)  XL:     5   Next: 77%
Magic:  4/9        EV:  2    Int: 17 (18) God:
Gold:   194        SH:  0    Dex: 12 (13) Spells: 3/10 levels left

rFire    . . .     SeeInvis .   l - +4 long sword
rCold    . . .     Faith    .   (no shield)
rNeg     + + +     Spirit   .   (helmet currently unavailable)
rPois    +         Reflect  .   (no amulet)
rElec    .         Harm     .   g - ring of wizardry
rCorr    .         Rampage  .   q - +4 ring of slaying
Will     .....     NoTele   +   (no ring)
Stlth    ++........             (no ring)
HPRegen  0.16/turn              (no ring)
MPRegen  0.11/turn              (no ring)
                                (no ring)
                                (no ring)

@: lethally poisoned (-1 -> -8), tree-form, hasted, very quick
A: stationary, stasis, torment immunity, boosted hp, almost no armour,
(amphibious), 8 rings, (camouflage 1), (gelatinous body 1), (nimble swimmer 1),
(tentacles)
a: no special abilities


You were on level 4 of the Dungeon.
You were a tree.
You visited 1 branch of the dungeon, and saw 5 of its levels.

You collected 194 gold pieces.

Inventory:

Hand Weapons
 c - a +0 short sword
 l - a +4 long sword (weapon)
Missiles
 a - 30 poisoned darts (quivered)
 i - 5 atropa-tipped darts
 n - 5 silver javelins
Jewellery
 g - a ring of wizardry (left branch)
 q - a +4 ring of slaying (right branch)
Scrolls
 e - 2 scrolls of teleportation
 f - a scroll of brand weapon {unknown}
 j - a scroll of summoning {unknown}
 o - a scroll of magic mapping {unknown}
 p - 2 scrolls of identify


   Skills:
 + Level 1.1 Fighting
 + Level 0.5(1.1) Short Blades
 + Level 1.4(1.5) Long Blades
 + Level 2.2 Dodging
 + Level 3.3 Stealth
 + Level 3.2 Spellcasting
 + Level 2.0 Conjurations
 + Level 4.1 Fire Magic


You had 3 spell levels left.
You knew the following spells:

 Your Spells              Type           Power      Damage    Failure   Level
a - Foxfire               Conj/Fire      52%        2x1d6     1%          1
b - Conjure Flame         Conj/Fire      13%        6-21      6%          3
c - Inner Flame           Hex/Fire       9%         N/A       9%          3

Your spell library contained the following spells:

 Spells                   Type           Power      Damage    Failure   Level
 Dazzling Flash           Conj/Hex       12%        N/A       13%         3
 Sticky Flame             Conj/Fire      13%        2d4       19%         4
 Fireball                 Conj/Fire      6%         3d5       45%         5
 Agony                    Necr           2%         N/A       86%         5
 Silence                  Hex/Air        1%         N/A       86%         5


Dungeon Overview and Level Annotations

Branches:
Dungeon (5/15)
 Temple: D:4-7

Altars:
Vehumet

Annotations:
D:4 Robin


Innate Abilities, Weirdness & Mutations

You are a tree.
Your roots penetrate the ground, keeping you stationary.
You cannot be teleported.
You are immune to unholy pain and torment.
Your maximum health is greatly increased.
You cannot wear most types of armour.
((You are amphibious.))
You can wear up to eight rings at the same time.
((Your skin changes colour to match your surroundings (Stealth+).))
((Your rubbery body absorbs attacks. (AC +1, EV +1)))
((You are camouflaged near water. (Stealth+)))
((You have tentacles for arms and can constrict up to eight enemies at once.))


Message History

Your roots penetrate the ground.
You feel strangely stable.
You feel very sick. The goblin hits you but does no damage.
It was a potion of degeneration.
There was something very wrong with that liquid.
You feel weakened.
You feel dopey.
You feel clumsy.
* * * LOW HITPOINT WARNING * * *
You feel very sick. The goblin hits you but does no damage.
It was a potion of cancellation.
Your magical effects are unravelling.
You feel magically purged.
You feel less wooden.
* * * LOW HITPOINT WARNING * * *
You feel very sick.
The goblin no longer looks unusually strong.
The goblin closely misses you.
Robin roars a battlecry!
The goblin goes into a battle-frenzy!
The goblin barely misses you.
You riposte.
You hit the goblin.
You kill the goblin!
Okay, then.
Okay, then.
Unknown command.
Unknown command.
Really quaff the potion of lignification?
You turn into a tree.
Your roots penetrate the ground.
* * * LOW HITPOINT WARNING * * *
You feel very sick. The goblin hits you but does no damage.
Robin completely misses you.
Unknown command.
Unknown command.
You feel yourself speed up.
* * * LOW HITPOINT WARNING * * *
You feel very sick.
The goblin no longer looks unusually strong.
The goblin hits you but does no damage.
The hobgoblin hits you but does no damage.
Robin hits you from afar with a +2 trident of venom.
You die...

#.^#####
#....##...#########
#....g.####
##..................
#.†###.g..#
#............####### #..#
####.###.)...>......# #..#
#....(...........# #..#
######..).)..g..## #..#
##g...(..>(# ### #.##
####g##...##.#### #.. #.#
#..g♣##.#.......###.. #.#
#.#####......##..##.. #.#
#.# ##.##......##.( #.#
#)# #..##......### #.# #.#
##.#####...### #.#
######.### #..#.........
#.# #........#
##.#....(.... #.#
#........#####............
#)#
#.........(....#.<........


You could see Robin, a hobgoblin (strong) and a goblin.

Vanquished Creatures
  An iguana (D:4)
  6 adders
  3 gnolls (D:4)
  A worm (D:3)
  2 dart slugs
  2 orcs (D:3)
  5 endoplasms
  13 hobgoblins
  12 jackals
  2 quokkas
  4 ball pythons
  5 bats
  2 frilled lizards (D:1)
  9 goblins
  5 kobolds
  8 rats
80 creatures vanquished.

Vanquished Creatures (others)
  225 foxfires
225 creatures vanquished.

Grand Total: 305 creatures vanquished

Notes
Turn   | Place    | Note
-------+----------+-------------------------------------------
     0 | D:1      | Conn the Octopode Fire Elementalist began the quest for the
                  | Orb.
     0 | D:1      | Reached XP level 1. HP: 11/11 MP: 3/3
   298 | D:1      | Reached XP level 2. HP: 17/17 MP: 0/5
   921 | D:1      | Found a faded altar of an unknown god.
  1492 | D:2      | Reached XP level 3. HP: 21/21 MP: 4/6
  1499 | D:2      | Learned a level 3 spell: Conjure Flame
  2375 | D:3      | Reached XP level 4. HP: 27/27 MP: 1/7
  2599 | D:3      | Found a radiant altar of Vehumet.
  3319 | D:3      | Learned a level 3 spell: Inner Flame
  3778 | D:4      | Noticed Robin
  3891 | D:4      | Reached skill level 4 in Fire Magic
  3911 | D:4      | Reached XP level 5. HP: 30/32 MP: 6/9
  4355 | D:4      | Reached skill level 1 in Long Blades
  4561 | D:4      | Reached skill level 1 in Fighting
  4574 | D:5      | Entered Level 5 of the Dungeon
  5170 | D:4      | HP: 1/49 [poisoned by Robin]
  5170 | D:4      | Slain by Robin

Illustrated notes

Levels and vault maps discovered:
D:1:      lightli_arrival_lavapool, layout_loops_ring,
          shapermc_ecumenical_altar_notcrosses
D:2:      layout_rooms
D:3:      layout_basic, mainiacjoe_overflow_surrounded_room
D:4:      layout_rooms, interstate_on_off, uniq_robin
D:5:      layout_loops_ring, minmay_shop_grid_forest

Skill      XL: |  1  2  3  4  5 |
---------------+----------------+-----
Stealth        | 3 |  3.3
Spellcasting   | 3 |  3.2
Fire Magic     | 4 |  4.1
Conjurations   | 2 |  2.0
Long Blades    | 1 |  1.4
Fighting       | 1 |  1.1
Short Blades   | |  0.5
Dodging        | |  2.2

Action                   |  1- 3 |  4- 6 || total
-------------------------+-------+-------++-------
Melee: Short sword       |    26 |       ||    26
       Constrict         |     9 |     7 ||    16
       Tentacles         |     1 |     2 ||     3
       Long sword        |       |    15 ||    15
Throw: Dart              |       |     4 ||     4
 Cast: Foxfire           |    52 |    75 ||   127
       Conjure Flame     |       |     4 ||     4
       Inner Flame       |       |     1 ||     1
  Use: Scroll            |     5 |     1 ||     6
       Potion            |     1 |     6 ||     7
 Stab: Sleeping          |       |     1 ||     1
Armor: Skin              |     1 |     8 ||     9
Dodge: Dodged            |    28 |    38 ||    66
       Rpst.: Long sword |       |    13 ||    13

Table legend: (Time is in decaauts)
 A = Elapsed time spent in this place.
 B = Non-inter-level travel time spent in this place.
 C = Inter-level travel time spent in this place.
 D = Time resting spent in this place.
 E = Time spent auto-exploring this place.
 F = Levels seen in this place.
 G = Mean time per level.
                   A        B        C        D        E       F      G
               +--------+--------+--------+--------+--------+-----+--------+
         Total |   5160 |   5078 |     82 |    473 |   3643 |   5 | 1032.0 |
       Dungeon |   5160 |   5078 |     82 |    473 |   3643 |   5 | 1032.0 |
               +--------+--------+--------+--------+--------+-----+--------+

Top non-repeatable levels by time:
     D:3: 1619 daAuts
     D:1: 1482 daAuts
     D:4: 1090 daAuts
     D:2: 868 daAuts
     D:5: 99 daAuts
